 Dungeon Crawl Stone Soup version 0.26-a0-1129-gc5df7fbe6a (webtiles) character file.

Game seed: 10268342389768566832

7 Gargoyl the Skirmisher (level 2, -4/29 HPs)
             Began as a Gnoll Abyssal Knight on Dec 18, 2020.
             Was a Follower of Lugonu.
             Slain by a chaos spawn (8 damage)
             ... on level 2 of the Abyss.
             The game lasted 00:00:17 (92 turns).

Gargoyl the Skirmisher (Gnoll Abyssal Knight)         Turns: 92, Time: 00:00:18

Health: -4/29      AC:  3    Str: 14    XL:     2   Next: 0%
Magic:  5/5        EV: 12    Int: 14    God:    Lugonu [*.....]
Gold:   0          SH:  0    Dex: 14    Spells: 1/1 levels left

rFire    . . .     SeeInvis .   a - +1 hand axe
rCold    . . .     Faith    .   (no shield)
rNeg     . . .     Spirit   .   b - +0 leather armour
rPois    .         Reflect  .   (no helmet)
rElec    .         Harm     .   (no cloak)
rCorr    .         Rampage  .   (no gloves)
Will     .....                  (no boots)
Stlth    +.........             (no amulet)
HPRegen  0.09/turn              (no ring)
MPRegen  0.09/turn              (no ring)

@: no status effects
A: distributed training, fangs 1, strong nose
a: Renounce Religion, Depart the Abyss


You were on level 2 of the Abyss.
You worshipped Lugonu.
Lugonu was aware of your devotion.
You visited 0 branches of the dungeon, and saw 0 of its levels.
You visited the Abyss 1 time.

Inventory:

Hand Weapons
 a - a +1 hand axe (weapon)
Armour
 b - a +0 leather armour (worn)
Scrolls
 d - a scroll of remove curse


   Skills:
 + Level 6.4 Fighting
 + Level 0.2 Short Blades
 + Level 0.2 Long Blades
 + Level 4.4 Axes
 + Level 0.2 Maces & Flails
 + Level 0.2 Polearms
 + Level 0.2 Staves
 + Level 0.2 Slings
 + Level 0.2 Bows
 + Level 0.2 Crossbows
 + Level 0.2 Throwing
 + Level 4.4 Armour
 + Level 2.4 Dodging
 + Level 0.2 Stealth
 + Level 0.2 Shields
 + Level 0.2 Unarmed Combat
 + Level 0.2 Spellcasting
 + Level 0.1 Conjurations
 + Level 0.1 Hexes
 + Level 0.1 Summonings
 + Level 0.1 Necromancy
 + Level 0.1 Translocations
 + Level 0.1 Transmutations
 + Level 0.1 Fire Magic
 + Level 0.1 Ice Magic
 + Level 0.1 Air Magic
 + Level 0.1 Earth Magic
 + Level 0.1 Poison Magic
 + Level 4.4 Invocations
 + Level 0.2 Evocations


You had one spell level left.
You didn't know any spells.
Your spell library was empty.

Dungeon Overview and Level Annotations

Branches:
Dungeon (0/15)

Altars:


Innate Abilities, Weirdness & Mutations

Your experience applies equally to all skills.
You have very sharp teeth.
Your uncanny sense of smell can sniff out nearby items.


Message History

You hit the white imp.
You kill the white imp!
You have reached level 2!
Unknown command.
There is a gateway leading deeper into the Abyss here.
You plunge deeper into the Abyss.
Found three items.
Found a corrupted altar of Lugonu.
A chaos spawn appears in a shower of sparks.
The chaos spawn squeals angrily.
c - a scroll labelled CEULAO WUGUUTZ
There are no items here.
As you read the scroll labelled CEULAO WUGUUTZ, it crumbles to dust.
It is a scroll of amnesia.
You feel forgetful for a moment.
Found 29 stones and 3 silver javelins.
You see here a scroll labelled GEISOD WAORCHAG.
The chaos spawn hits you!
* * * LOW HITPOINT WARNING * * *
The chaos spawn shocks you!
You die...

.. ..# #..##... # #.#.
.# ### ..##..#... ##..#
# ## .# .##.#.#.#..#
.#... ..#.
.#......######....#
..... ........#..#..(#
. ##...........4@...#
.#..............##..#
.....#....#..#.##...#.#
. #... #...#..##......#
#..#....#...# .#..#..
#.... ....$........(...
#.#.............. ..#.#
.. .... .............#(
# #..#.. ..#._...#.


You could see a chaos spawn.

Vanquished Creatures
  A white imp (Abyss:1)
1 creature vanquished.

Notes
Turn   | Place    | Note
-------+----------+-------------------------------------------
     0 | Abyss:1  | Gargoyl the Gnoll Abyssal Knight began the quest for the
                  | Orb.
     0 | Abyss:1  | Reached XP level 1. HP: 23/23 MP: 3/3
    50 | Abyss:1  | Reached XP level 2. HP: 14/29 MP: 5/5
    57 | Abyss:2  | Found a corrupted altar of Lugonu.
    70 | Abyss:2  | Noticed a chaos spawn
    92 | Abyss:2  | Slain by a chaos spawn

Illustrated notes

Levels and vault maps discovered:
Abyss:2:  base:
Temple

Action                   || total
-------------------------++-------
Melee: Hand axe          ||    11
       Bite              ||     2
  Use: Scroll            ||     2
Dodge: Dodged            ||    10

Table legend: (Time is in decaauts)
 A = Elapsed time spent in this place.
 B = Non-inter-level travel time spent in this place.
 C = Inter-level travel time spent in this place.
 D = Time resting spent in this place.
 E = Time spent auto-exploring this place.
 F = Levels seen in this place.
 G = Mean time per level.
                   A        B        C        D        E       F      G
               +--------+--------+--------+--------+--------+-----+--------+
         Total |     92 |     92 |      0 |      0 |     45 |   2 |   46.0 |
         Abyss |     92 |     92 |      0 |      0 |     45 |   2 |   46.0 |
               +--------+--------+--------+--------+--------+-----+--------+

Top non-repeatable levels by time:
 Abyss:1: 57 daAuts
 Abyss:2: 34 daAuts
